 Dungeon Crawl Stone Soup version 0.23-a0-333-g006994f (webtiles) character file.

6 Ijustatesigmund the Magician (level 1, -1/11 HPs)
             Began as an Octopode Wizard on Oct 17, 2018.
             Slain by a gnoll
             ... wielding a cursed -3 spear
              (6 damage)
             ... on level 1 of the Dungeon.
             The game lasted 00:02:19 (446 turns).

Ijustatesigmund the Magician (Octopode Wizard)       Turns: 446, Time: 00:02:20

Health: -1/11      AC:  2    Str:  6    XL:     1   Next: 90%
Magic:  0/4        EV: 13    Int: 20    God:
Gold:   31         SH:  0    Dex: 10    Spells: 5/6 levels left

rFire    . . .     SeeInvis .   d - +0 spear
rCold    . . .     Gourm    .   (no shield)
rNeg     . . .     Faith    .   a - +1 hat
rPois    .         Spirit   .   (no amulet)
rElec    .         Reflect  .   e - ring of protection from magic
rCorr    .         Harm     .   (no ring)
MR       +....                  (no ring)
Stlth    +++.......             (no ring)
HPRegen  0.03/turn              (no ring)
MPRegen  0.09/turn              (no ring)
                                (no ring)
                                (no ring)

@: very slightly contaminated
A: almost no armour, stealthy swim, amphibious, 8 rings, constrict 8, camouflage
1, gelatinous body 1
a: no special abilities


You were on level 1 of the Dungeon.
You were not hungry.

You visited 1 branch of the dungeon, and saw 1 of its levels.

You collected 31 gold pieces.

Inventory:

Hand Weapons
 d - a +0 spear (weapon)
Armour
 a - a +1 hat (worn)
Jewellery
 e - a ring of protection from magic (left tentacle)
Potions
 b - a potion of degeneration {unknown}
 g - a potion of flight {unknown}
Comestibles
 c - a ration


   Skills:
 - Level 2.0 Dodging
 - Level 2.6 Stealth
 - Level 3.0 Spellcasting
 + Level 1.9 Conjurations
   Level 1.0 Summonings
   Level 1.0 Translocations


You had 5 spell levels left.
You knew the following spells:

 Your Spells              Type           Power        Failure   Level  Hunger
a - Magic Dart            Conj           ##..         7%          1    None

Your spell library contained the following spells:

 Spells                   Type           Power        Failure   Level  Hunger
 Blink                    Tloc           N/A          14%         2    ##.....
 Call Imp                 Summ           #.......     14%         2    ##.....
 Slow                     Hex            #.......     22%         2    ##.....
 Conjure Flame            Conj/Fire      #.......     28%         3    ###....
 Mephitic Cloud           Conj/Pois/Air  #.......     32%         3    ###....


Dungeon Overview and Level Annotations

Branches:
Dungeon (1/15)

Altars:


Innate Abilities, Weirdness & Mutations

You cannot wear most types of armour.
You are very stealthy in the water. (Stealth+)
You are amphibious.
You can wear up to eight rings at the same time.
You can use your tentacles to constrict eight enemies at once.
Your skin changes colour to match your surroundings (Stealth+).
Your rubbery body absorbs attacks. (AC +1, EV +1)


Message History

The gnoll is almost dead.
The gnoll hits you from afar with a cursed -3 spear.
You are too injured to fight recklessly!
You are too injured to fight recklessly!
You are too injured to fight recklessly!
You are too injured to fight recklessly!
You are too injured to fight recklessly!
Casting: Magic Dart (safe; 7% risk of failure)
Confirm with . or Enter, or press ? or * to list all spells.
Aiming: Magic Dart (safe; 7% risk of failure)
Press: ? - help, Shift-Dir - straight line, f/p - gnoll
Aim: a gnoll, wielding a -3 spear (almost dead)
You miscast Magic Dart.
You are very lightly contaminated with residual magic.
Nothing appears to happen.
The gnoll closely misses you.
You are too injured to fight recklessly!
You are too injured to fight recklessly!
The gnoll hits you with a cursed -3 spear.
Ouch! That really hurt!
You die...

....#
#...........#.........
....#
#............##.######
....#
#...###.........#
....# #...#
######.##.# ....#
#...# #.##.# ....#
#...########.##.#
.##.#
#..........#..#.# .#
.# #..........##.#.#
#....@.....# ...#
###...g....# .#
#........# #........#
#.............
#.............
#########..... .....
....


You could see a gnoll.

Vanquished Creatures
  A goblin (D:1)
  A bat (D:1)
  A frilled lizard (D:1)
  A kobold (D:1)
  4 rats (D:1)
8 creatures vanquished.

Notes
Turn   | Place    | Note
-------+----------+-------------------------------------------
     0 | D:1      | Ijustatesigmund the Octopode Wizard began the quest for the
                  | Orb.
     0 | D:1      | Reached XP level 1. HP: 11/11 MP: 4/4
   446 | D:1      | Slain by a gnoll

Vault maps used:
D:1:      saegor_arrival_miasma, minmay_heptomino_l4

Action                   || total
-------------------------++-------
Melee: Spear             ||    16
       Constrict         ||     2
 Cast: Magic Dart        ||    10
  Use: Scroll            ||     3
 Stab: Sleeping          ||     1
Dodge: Dodged            ||    10

Table legend:
 A = Non-vault XP
 B = Vault XP
 C = Vault XP percentage of total XP
 D = Non-vault monster count
 E = Vault monster count
 F = Vault count percentage of total count
                 A         B        C        D         E       F
            +---------+---------+-------+---------+---------+-------
      Total |       4 |       5 |  55.6 |       4 |       4 |  50.0
            +---------+---------+-------+---------+---------+-------
        D:1 |       4 |       5 |  55.6 |       4 |       4 |  50.0
            +---------+---------+-------+---------+---------+-------
